 Dungeon Crawl Stone Soup version 0.28.0-45-g0d030f2227 (webtiles) character file.

Game seed: 14084762191677323938

44 Kangaroobicon the Cudgeller (level 3, -5/36 HPs)
             Began as a Troll Monk on Apr 18, 2022.
             Killed by divine providence
             ... invoked by an orc priest
              (11 damage)
             ... on level 4 of the Dungeon.
             The game lasted 00:07:36 (870 turns).

Kangaroobicon the Cudgeller (Troll Monk)             Turns: 870, Time: 00:07:36

Health: -5/36      AC:  4    Str: 19    XL:     3   Next: 39%
Magic:  2/2        EV: 14    Int:  6    God:
Gold:   38         SH:  0    Dex: 14    Spells: 2/2 levels left

rFire   + . .      SeeInvis .   a - +0 mace
rCold   . . .      Faith    .   (no shield)
rNeg    . . .      Spirit   .   b - +0 robe
rPois   .          Reflect  .   (helmet restricted)
rElec   .          Harm     .   (no cloak)
rCorr   .          Rampage  .   (gloves unavailable)
Will    .....                   (boots unavailable)
Stlth   ++........              (no amulet)
HPRegen 0.92/turn               l - ring of protection from fire
MPRegen 0.08/turn               j - +4 ring of evasion

@: no status effects
A: large, unfitting armour, claws 3, regeneration 1, shaggy fur 1, tough skin 1
a: no special abilities


You were on level 4 of the Dungeon.
You visited 1 branch of the dungeon, and saw 3 of its levels.

You collected 38 gold pieces.

Inventory:

Hand Weapons
 a - a +0 mace (weapon)
Missiles
 c - 40 sling bullets
 e - 24 bolts
 g - 19 stones (quivered)
 k - 20 arrows
Armour
 b - a +0 robe (worn)
Jewellery
 d - a ring of flight
 j - a +4 ring of evasion (right claw)
 l - a ring of protection from fire (left claw)
Scrolls
 f - a scroll of fear {unknown}
 h - 2 scrolls of amnesia {unknown}
 i - a scroll of fog {unknown}
 n - a scroll of magic mapping {unknown}
Potions
 m - a potion of might {unknown}


   Skills:
 + Level 2.7 Fighting
 + Level 3.3 Maces & Flails
 + Level 2.5 Dodging
 + Level 1.3 Stealth


You had 2 spell levels left.
You didn't know any spells.
Your spell library contained the following spells:

 Spells                   Type           Power      Damage    Failure   Level
 Foxfire                  Conj/Fire      0%         2x1d4     45%         1
 Corpse Rot               Necr/Air       0%         N/A       58%         2
 Poisonous Vapours        Pois/Air       0%         N/A       58%         2
 Conjure Flame            Conj/Fire      0%         6-21      83%         3
 Inner Flame              Hex/Fire       0%         N/A       83%         3
 Flame Wave               Conj/Fire      0%         2d4       99%         4


Dungeon Overview and Level Annotations

Branches:
Dungeon (2/15)

Altars:


Innate Abilities, Weirdness & Mutations

You are too large for most types of armour.
You have claws for hands.
Your natural rate of healing is unusually fast.
You are covered in fur. (AC +1)
You have tough skin. (AC +1)


Message History

2 orcs come into view.
An orc is wielding a +0 club and quivering boomerangs of dispersal.
Found 24 arrows and a runed mace.
The orc shouts!
You hear a shout!
The orc shouts!
You hear an angry hiss.
A hound skeleton comes into view.
The orc priest casts a cantrip, but nothing happens.
The orc throws a boomerang.
The boomerang closely misses you.
An orc priest comes into view. It is wielding a +0 club.
A ball python comes into view.
The orc throws a boomerang of dispersal.
The boomerang of dispersal hits you but does no damage.
Found a ring mail.
Found a scroll labelled BETOCO INEORI.
The orc barely misses you.
The orc priest mumbles some strange prayers to Beogh against you.
Beogh smites you!
Found a stone staircase leading down.
The hound skeleton bites you but does no damage.
An orc comes into view. It is wielding a +0 mace.
Found a chain mail.
The orc barely misses you.
Found a book of Vapours.
The orc shouts!
You hear a shout!
The hound skeleton bites you but does no damage.
A gnoll comes into view. It is wielding a +1 spear of venom.
A gnoll comes into view. It is wielding a +0 club.
A gnoll comes into view. It is wielding a +0 flail.
A quokka comes into view.
Found a book of Frost.
There is a stone staircase leading down here.
A lemure comes into view.
A lemure comes into view.
The lemure shouts! x2; You hear a shout!
The orc priest calls down the wrath of Beogh upon you.
Beogh smites you!
The orc priest calls down the wrath of Beogh upon you.
Beogh smites you!
* * * LOW HITPOINT WARNING * * *
The orc priest calls down the wrath of Beogh upon you.
Beogh smites you!
You die...

.......#..#..o.....?.....
.......#.##o.o.......###.
..........#o..........#
......r.^.g............
.........>S.......##...
........o..........##.
#.5.....Z.........##
.........og.......#
...5..#.@..#.......
...#.###.:###g..... .##..
#..# g.... #.. .... ...
#.. ..... ##. #......
.#...... .........


You could see a lemure, 2 orc priests, a gnoll, 3 orcs, a quokka, a goblin, a
ball python and a hound skeleton.

Vanquished Creatures
  An adder (D:2)
  5 endoplasms
  2 giant cockroaches
  A goblin (D:1)
  6 hobgoblins
  2 kobolds
  2 quokkas (D:1)
  4 ball pythons (D:1)
  4 bats (D:1)
  A frilled lizard (D:1)
28 creatures vanquished.

Notes
Turn   | Place    | Note
-------+----------+-------------------------------------------
     0 | D:1      | Kangaroobicon the Troll Monk began the quest for the Orb.
     0 | D:1      | Reached XP level 1. HP: 22/22 MP: 0/0
    71 | D:1      | Reached XP level 2. HP: 29/29 MP: 1/1
   175 | D:1      | Reached skill level 3 in Maces & Flails
   445 | D:1      | Found a faded altar of an unknown god.
   666 | D:2      | Reached XP level 3. HP: 36/36 MP: 2/2
   847 | D:2      | You fall into a shaft and drop 2 floors!
   867 | D:4      | Noticed a lemure
   868 | D:4      | Noticed a lemure
   870 | D:4      | Killed from afar by an orc priest

Illustrated notes

Levels and vault maps discovered:
D:1:      giann_wishing_wells, layout_basic,
          shapermc_ecumenical_altar_notcrosses
D:2:      layout_loops_ring
D:4:      layout_cave_pools, minmay_temple_entry_wispy, nicolae_take_the_stairs,
          uniq_pikel

Skill      XL: |  1  2 |
---------------+-------+-----
Maces & Flails | 3 |  3.3
Fighting       | |  2.7
Dodging        | |  2.5
Stealth        | |  1.3

Action                   || total
-------------------------++-------
Melee: Mace              ||    88
 Stab: Sleeping          ||     3
Armor: Robe              ||    25
Dodge: Dodged            ||    77
